 Dungeon Crawl Stone Soup version 0.30-a0-29-g142975f185 (webtiles) character file.

Game seed: 3478895450811935407

42658 ytrimaz the Black Belt (level 14, -6/123 (148) HPs)
             Began as a Meteoran Transmuter on Aug 26, 2022.
             Was a High Priest of Dithmenos.
             Mangled by a cane toad (21 damage)
             ... on level 5 of the Lair of Beasts on Aug 27, 2022.
             The game lasted 00:30:35 (11329 turns).

ytrimaz the Black Belt (Meteoran Transmuter)       Turns: 11329, Time: 00:30:36

HP:   -6/123 (148)  AC:  7    Str: 21    XL:     14   Next: 98%
MP:   15/24         EV: 18    Int: 20    God:    Dithmenos [*****.]
Gold: 879           SH:  0    Dex: 16    Spells: 10/25 levels left

rFire   x . .      SeeInvis .      - Unarmed
rCold   + + +      Faith    .    (shield currently unavailable)
rNeg    . . .      Spirit   .    (body armour currently unavailable)
rPois   +          Reflect  .    (helmet currently unavailable)
rElec   .          Harm     .    (cloak currently unavailable)
rCorr   .          Rampage  .    (gloves currently unavailable)
Will    +....                    (boots currently unavailable)
Stlth   +.........               v - amulet of regeneration
HPRegen 1.10/turn                c - +6 ring of strength
MPRegen 0.19/turn                E - ring of Sufiel {rPois Str+4}

@: lethally poisoned (-6 -> -30), ice-form, wereblooded, very slightly
contaminated, glowing, studying Invocations, heavily drained
A: freezing attack, amphibious, boosted hp, large, sense surroundings 2,
otherworldly, glowing, explore regen
a: End Transformation, Renounce Religion, Shadow Step, Shadow Form


You were on level 5 of the Lair of Beasts.
You worshipped Dithmenos.
Dithmenos was extremely pleased with you.
You were a creature of crystalline ice.
You visited 3 branches of the dungeon, and saw 20 of its levels.
You also visited: Sewer and Ossuary.

You collected 1999 gold pieces.
You spent 1120 gold pieces at shops.

Inventory:

Hand Weapons
 w - a +0 shortbow
Missiles
 a - 2 throwing nets
Armour
 t - +5 steam dragon scales (melded)
 H - a +0 cloak (melded)
Jewellery
 c - a +6 ring of strength (left front paw)
 d - a ring of ice
 o - a +6 ring of dexterity
 v - an amulet of regeneration (around neck)
 z - a +6 ring of dexterity
 C - a +6 ring of dexterity
 E - the ring of Sufiel (right front paw) {rPois Str+4}
   (You found it on level 12 of the Dungeon)

   [ring of poison resistance]

   Str:       It affects your strength (+4).
   rPois:     It protects you from poison.
 F - an amulet of the acrobat
 G - a ring of ice
 L - a ring of fire
Wands
 l - a wand of flame (24) (quivered)
 q - a wand of iceblast (25)
 s - a wand of mindburst (20)
 x - a wand of charming (12)
 N - a wand of polymorph (5)
Scrolls
 f - a scroll of summoning
 i - 7 scrolls of noise
 k - 3 scrolls of poison
 n - 2 scrolls of blinking
 r - 4 scrolls of teleportation
 y - 2 scrolls of amnesia
 A - a scroll of magic mapping
 B - 4 scrolls of fog
 D - a scroll of brand weapon
 J - 4 scrolls of identify
 P - a scroll of enchant weapon
Potions
 b - 3 potions of lignification
 e - 11 potions of curing
 g - a potion of mutation
 h - 3 potions of brilliance
 j - 2 potions of flight
 m - 4 potions of might
 p - 5 potions of haste
 u - a potion of cancellation
 I - a potion of ambrosia
 K - a potion of magic
 M - 2 potions of resistance
 O - a potion of attraction


   Skills:
 + Level 11.5 Fighting
 - Level 16.0 Dodging
 - Level 18.0 Unarmed Combat
 - Level 6.0 Spellcasting
 - Level 6.0 Transmutations
 - Level 2.6 Ice Magic
 - Level 3.2 Poison Magic
 * Level 9.4 Invocations


You had 10 spell levels left.
You knew the following spells:

 Your Spells              Type           Power      Damage    Failure   Level
a - Statue Form           Tmut/Erth      12%        N/A       99%         6
b - Wereblood             Tmut           30%        N/A       1%          2
c - Spider Form           Tmut/Pois      24%        N/A       4%          3
d - Ice Form              Ice/Tmut       23%        N/A       17%         4

Your spell library contained the following spells:

 Spells                   Type           Power      Damage    Failure   Level
 Beastly Appendage        Tmut           60%        N/A       1%          1
 Passwall                 Tmut/Erth      15%        N/A       4%          2
 Poisonous Vapours        Pois/Air       24%        N/A       9%          2
 Sandblast                Erth           12%        2d6       11%         1
 Blade Hands              Tmut           15%        N/A       24%         5
 Inner Flame              Hex/Fire       6%         N/A       30%         3
 Stone Arrow              Conj/Erth      12%        3d7       30%         3
 Corpse Rot               Necr/Pois/Air  10%        N/A       54%         4
 Animate Armour           Summ/Erth      12%        N/A       71%         4
 Cause Fear               Hex            3%         N/A       71%         4
 Leda's Liquefaction      Hex/Erth       3%         N/A       71%         4
 Eringya's Noxious Bog    Tmut/Pois      12%        N/A       94%         6
 Fireball                 Conj/Fire      3%         3d4       96%         5
 Lee's Rapid Deconstruct  Erth           3%         3d6*      96%         5
 Summon Forest            Summ/Tloc      3%         N/A       96%         5
 Summon Mana Viper        Hex/Summ       6%         N/A       96%         5
 Iron Shot                Conj/Erth      3%         9d2       100%        6
 Starburst                Conj/Fire      3%         6d3       100%        6
 Summon Cactus Giant      Summ           3%         N/A       100%        6
 Summon Hydra             Summ           3%         N/A       100%        7
 Discord                  Hex            3%         N/A       100%        8
 Ignition                 Fire           3%         3d4       100%        8
 Lehudib's Crystal Spear  Conj/Erth      3%         10d2      100%        8


Dungeon Overview and Level Annotations

Branches:
Dungeon (14/15) Zot: 343   Temple (1/1) D:6 Zot: 589    Lair (5/5) D:8 Zot: 457
 Shoals (0/4) Lair:3       Spider (0/4) Lair:3          Orc (0/2) D:12
  Sewer (visited)         Ossuary (visited)
  Slime: Lair:4-5    Vaults: D:13-14

Altars:
Ashenzari
Cheibriados
Dithmenos
Elyvilon
Fedhas
Gozag
Hepliaklqana
Kikubaaqudgha
Makhleb
Okawaru
Qazlal
Ru
Sif Muna
Trog
Vehumet
Wu Jian
Xom
Yredelemnul
Zin
Lugonu

Shops:
D:8 :

Portals:
Trove: D:14 (give +5 fire dragon scales)

Annotations:
D:4 1 runed translucent door
D:8 2 transporters


Innate Abilities, Weirdness & Mutations

You are a creature of crystalline ice.
You have a powerful freezing melee attack.
You are amphibious.
Your maximum health is increased.
Your armour is entirely melded.
You are incapable of wielding weapons or throwing items.
You passively map the area around you.
You are easily found by Zot.
You glow in the dark.
You regain HP and MP as you explore.


Message History

The basilisk bites you but does no damage.
The cane toad closely misses you. The basilisk attacks as you move away!
The basilisk closely misses you.
The black mamba attacks as you move away!
The black mamba bites you!
You feel sick. The black mamba completely misses you.
The cane toad completely misses you.
Unknown command.
Casting: Ice Form (dangerous; 17% risk of failure)
Confirm with . or Enter, or press ? or * to list all spells.
You turn into a creature of crystalline ice.
Your +0 cloak melds into your body.
Your +5 steam dragon scales melds into your body.
You feel sick. The black mamba barely misses you.
The blink frog blinks!
The cane toad misses you. The black mamba misses you.
Casting: Ice Form (dangerous; 17% risk of failure)
Confirm with . or Enter, or press ? or * to list all spells.
Your blood is infused with primal strength.
You feel sick. The black mamba barely misses you. The black mamba bites you!
You are more poisoned.
The black mamba poisons you!
Unknown command.
You pummel the black mamba!!
The black mamba seems to slow down.
You freeze the black mamba.
The black mamba is severely wounded.
Your shadow hits the black mamba.
You feel very sick.
The blink frog blinks!
The cane toad stings you!
* * * LOW HITPOINT WARNING * * *
The black mamba bites you!
* * * LOW HITPOINT WARNING * * *
You are lethally poisoned!
The black mamba poisons you!
You hit the black mamba.
The black mamba seems to slow down.
You freeze the black mamba.
The black mamba is almost dead.
Your shadow hits the black mamba.
* * * LOW HITPOINT WARNING * * *
You feel very sick. The cane toad stings you!!
You die...

# #...## * , #...##
### ,, #...###.P# ,,,,
##.....P# ** *
###......### **
##...8.....F###
##........8.§F.#####
###....8....§§.lF..##
*
.......F....8§§SY...#
* , *
.....8......§§§##....#
,
.P........F.§§§§§§.###
..P..##.....§§§§§§..#
, **
###...........§...§.#
* , ,
#...........l....## *
,,.................# *
, ,
...................
.....###.......#., ,,


You could see a black mamba (slow), a cane toad, a basilisk and 2 blink frogs.

Vanquished Creatures
  7 hydras
  A catoblepas (D:11)
  5 centaur warriors (D:13)
  3 two-headed ogres
  2 tengu warriors (D:13)
  5 death yaks (Lair:5)
  3 skeletal warriors (D:13)
  5 manticores
  8 elephants
  5 black mambas
  5 cane toads
  A gargoyle (D:13)
  An unseen horror (D:12)
  Maggie (D:8)
  7 komodo dragons
  A tengu conjurer (D:13)
  A queen bee (D:11)
  A polar bear (Lair:4)
  2 trolls
  A troll (shapeshifter) (D:13)
  A blink frog (Lair:5)
  A snapping turtle (Lair:3)
  A shadow (D:10)
  A spriggan (D:13)
  7 wyverns
  3 wraiths
  4 fire bats (D:12)
  30 yaks
  A basilisk (D:12)
  4 redbacks (Lair:3)
  A steam dragon (D:10)
  4 vampire mosquitoes
  2 acid dragons
  A hell hound (D:12)
  13 water moccasins
  2 sky beasts (D:5)
  A black bear (D:8)
  4 orc warriors
  An ice beast (D:7)
  2 ogres
  9 centaurs
  2 elf zombies (Ossuary)
  2 phantoms (D:5)
  2 kobold brigands (D:8)
  11 bullfrogs
  A scorpion (D:4)
  2 gnoll sergeants
  17 wights
  16 killer bees
  2 electric eels (D:9)
  3 howler monkeys
  A human zombie (Ossuary)
  5 orc priests
  5 hounds
  2 gnoll boudas
  5 iguanas
  10 orc wizards
  7 hell rats (Lair:1)
  A human skeleton (D:4)
  3 hound zombies (Ossuary)
  3 mummies (Ossuary)
  16 gnolls
  10 adders
  A white imp (D:6)
  4 adder zombies (Ossuary)
  A worm (D:3)
  A dart slug (D:3)
  38 orcs
  12 ball pythons
  13 endoplasms
  9 giant cockroaches
  5 hobgoblins
  2 jackals (D:3)
  8 quokkas
  5 bats
  12 frilled lizards
  3 gnoll zombies (Ossuary)
  4 goblins
  A goblin skeleton (D:4)
  4 goblin zombies (Ossuary)
  3 hobgoblin zombies (Ossuary)
  7 jackal zombies (Ossuary)
  11 kobolds
  4 kobold zombies (Ossuary)
  3 quokka zombies (Ossuary)
  2 rats (D:2)
  A rat zombie (Ossuary)
438 creatures vanquished.

Vanquished Creatures (others)
  A human (D:9)
  22 fungi
  31 plants
54 creatures vanquished.

Grand Total: 492 creatures vanquished

Notes
Turn   | Place    | Note
-------+----------+-------------------------------------------
     0 | D:1      | ytrimaz the Meteoran Transmuter began the quest for the
                  | Orb.
     0 | D:1      | Reached XP level 1. HP: 16/16 MP: 5/5
   114 | D:1      | Found a faded altar of an unknown god.
   303 | D:1      | Reached XP level 2. HP: 5/23 MP: 4/6
   501 | D:1      | Glimpsed the power of Zot.
   551 | D:1      | Glimpsed the power of Zot.
   591 | D:1      | Glimpsed the power of Zot.
   782 | D:2      | Reached skill level 4 in Unarmed Combat
   982 | D:2      | Reached XP level 3. HP: 25/28 MP: 6/8
  1104 | D:2      | Glimpsed the power of Zot.
  1129 | D:3      | Found a broken altar of Ashenzari.
  1220 | D:3      | Reached XP level 4. HP: 20/35 MP: 8/10
  1297 | D:3      | Learned a level 2 spell: Wereblood
  1301 | D:3      | Learned a level 3 spell: Spider Form
  1708 | D:3      | Glimpsed the power of Zot.
  1778 | D:4      | Reached XP level 5. HP: 21/40 MP: 5/12
  1843 | D:4      | Noticed an ogre
  1854 | D:4      | Killed an ogre
  1855 | D:4      | Reached XP level 6. HP: 47/47 MP: 10/13
  1879 | D:4      | Found a snail-covered altar of Cheibriados.
  1982 | D:4      | Found a runed translucent door.
  1982 | D:4      | Noticed a human
  1988 | D:4      | Found a basalt altar of Yredelemnul.
  1996 | D:4      | Reached skill level 5 in Unarmed Combat
  1996 | D:4      | Reached skill level 5 in Transmutations
  2004 | D:4      | Reached skill level 5 in Spellcasting
  2177 | D:4      | Reached XP level 7. HP: 44/52 MP: 11/15
  2293 | D:5      | Entered Level 5 of the Dungeon
  2370 | D:5      | Found an ornate altar of the Wu Jian Council.
  2511 | D:5      | Reached skill level 1 in Poison Magic
  2579 | D:5      | Reached skill level 6 in Unarmed Combat
  2616 | D:5      | Reached XP level 8. HP: 55/59 MP: 18/18
  2731 | D:5      | Reached skill level 7 in Unarmed Combat
  2922 | D:5      | Glimpsed the power of Zot.
  2972 | D:5      | Glimpsed the power of Zot.
  3012 | D:5      | Glimpsed the power of Zot.
  3045 | D:6      | Reached skill level 8 in Unarmed Combat
  3066 | D:6      | Found a sand-covered staircase.
  3072 | D:6      | Learned a level 4 spell: Ice Form
  3095 | Ossuary  | Entered an ossuary
  3143 | Ossuary  | Reached skill level 9 in Unarmed Combat
  3157 | Ossuary  | Gained mutation: You passively map the area around you.
                  | [Meteoran growth]
  3157 | Ossuary  | Reached XP level 9. HP: 58/64 MP: 19/19
  3406 | D:6      | Found a staircase to the Ecumenical Temple.
  3426 | D:6      | Reached skill level 10 in Unarmed Combat
  3433 | Temple   | Entered the Ecumenical Temple
  3438 | Temple   | Became a worshipper of Dithmenos the Shadowed
  3482 | D:6      | Found a glowing drain.
  3496 | Sewer    | Entered a sewer
  3515 | Sewer    | Reached skill level 1 in Ice Magic
  3582 | Sewer    | Reached * piety under Dithmenos
  3720 | D:6      | Reached skill level 11 in Unarmed Combat
  3756 | D:6      | Reached ** piety under Dithmenos
  3784 | D:6      | Found a glowing silver altar of Zin.
  3784 | D:6      | Found a burning altar of Makhleb.
  3785 | D:6      | Noticed an Executioner
  3785 | D:6      | Noticed an angel
  4041 | D:6      | Glimpsed the power of Zot.
  4110 | D:7      | Found an iron altar of Okawaru.
  4139 | D:7      | Reached skill level 12 in Unarmed Combat
  4156 | D:7      | Reached XP level 10. HP: 71/71 MP: 15/20
  4271 | D:7      | Found a white marble altar of Elyvilon.
  4479 | D:7      | Reached skill level 13 in Unarmed Combat
  4620 | D:8      | Reached skill level 14 in Unarmed Combat
  4662 | D:8      | Reached *** piety under Dithmenos
  4666 | D:8      | Reached skill level 15 in Unarmed Combat
  4668 | D:8      | Reached XP level 11. HP: 37/79 MP: 11/21
  4696 | D:8      | Found a staircase to the Lair.
  4776 | D:8      | Noticed Maggie
  4790 | D:8      | Killed Maggie
  4842 | D:8      | Found a transporter.
  4842 | D:8      | Noticed a red ugly thing
  4842 | D:8      | Noticed a cyan ugly thing
  4843 | D:8      | Found a corrupted altar of Lugonu.
  4943 | D:8      | Reached skill level 16 in Unarmed Combat
  4968 | D:8      | Found Vasm's Vocational Training.
  5160 | D:8      | Found a transporter.
  5271 | D:8      | Glimpsed the power of Zot.
  5321 | D:8      | Glimpsed the power of Zot.
  5389 | D:9      | Noticed a manticore
  5402 | D:9      | Killed a manticore
  5459 | D:8      | Reached **** piety under Dithmenos
  5559 | D:9      | Noticed a two-headed ogre
  5596 | D:9      | Killed a two-headed ogre
  5597 | D:9      | Reached skill level 17 in Unarmed Combat
  5832 | D:9      | Found an ancient bone altar of Kikubaaqudgha.
  5881 | D:9      | Glimpsed the power of Zot.
  5886 | D:10     | Entered Level 10 of the Dungeon
  5899 | D:10     | Reached skill level 5 in Dodging
  5949 | D:10     | Identified the +8 quarterstaff of Patterns {vamp, Fly rPois
                  | rC+ Int-2}
  5957 | D:10     | Found a bloodstained altar of Trog.
  6493 | D:10     | Glimpsed the power of Zot.
  6515 | D:10     | Found a shimmering blue altar of Sif Muna.
  6543 | D:11     | Noticed a catoblepas
  6551 | D:11     | Killed a catoblepas
  6552 | D:11     | Reached XP level 12. HP: 91/91 MP: 18/22
  6574 | D:11     | Noticed a two-headed ogre
  6592 | D:11     | Killed a two-headed ogre
  6680 | D:11     | Reached skill level 18 in Unarmed Combat
  6788 | D:11     | Noticed a five-headed hydra
  6795 | D:11     | Killed a five-headed hydra
  6796 | D:11     | Reached skill level 5 in Fighting
  7114 | D:11     | Glimpsed the power of Zot.
  7136 | D:12     | Identified a scroll of acquirement
  7502 | D:12     | Found a staircase to the Orcish Mines.
  7678 | D:12     | Acquired 930 gold pieces
  7687 | D:12     | Identified the ring of Sufiel {rPois Str+4}
  7708 | D:13     | Noticed a centaur warrior
  7708 | D:13     | Noticed a two-headed ogre
  7716 | D:13     | Noticed a centaur warrior
  7730 | D:13     | Killed a centaur warrior
  7763 | D:13     | Noticed a centaur warrior
  7767 | D:13     | Killed a centaur warrior
  7768 | D:13     | Reached skill level 10 in Dodging
  7770 | D:13     | Reached XP level 13. HP: 103/103 MP: 23/23
  7772 | D:13     | Noticed a tengu warrior
  7780 | D:13     | Killed a tengu warrior
  7992 | D:13     | Killed a two-headed ogre
  7995 | D:13     | Noticed a tengu warrior
  7999 | D:13     | Killed a centaur warrior
  8020 | D:13     | Killed a tengu warrior
  8145 | D:13     | Noticed a centaur warrior
  8155 | D:13     | Killed a centaur warrior
  8274 | D:13     | Noticed a centaur warrior
  8284 | D:13     | Killed a centaur warrior
  8284 | D:13     | Reached ***** piety under Dithmenos
  8347 | D:13     | Glimpsed the power of Zot.
  8390 | D:14     | Found a portal to a secret trove of treasure.
  8390 | D:14     | Noticed a five-headed hydra
  8395 | D:14     | Killed a five-headed hydra
  8425 | D:14     | Noticed a tengu warrior
  8427 | D:14     | Noticed a two-headed ogre
  8615 | D:8      | Bought a manual of Invocations for 1120 gold pieces
  8703 | Lair:1   | Entered Level 1 of the Lair of Beasts
  8897 | Lair:1   | Noticed a five-headed hydra
  8902 | Lair:1   | Killed a five-headed hydra
  9220 | Lair:1   | Glimpsed the power of Zot.
  9348 | Lair:2   | Found a broken altar of Ashenzari.
  9489 | Lair:2   | Reached XP level 14. HP: 107/116 MP: 24/24
  9826 | Lair:2   | Glimpsed the power of Zot.
  9860 | Lair:3   | Learned a level 6 spell: Statue Form
  9868 | Lair:3   | Found a staircase to the Shoals.
 10038 | Lair:3   | Reached skill level 15 in Dodging
 10103 | Lair:3   | Found a hole to the Spider Nest.
 10440 | Lair:3   | Glimpsed the power of Zot.
 10493 | Lair:3   | Glimpsed the power of Zot.
 10555 | Lair:4   | Reached skill level 1 in Invocations
 10703 | Lair:4   | Reached skill level 10 in Fighting
 10716 | Lair:4   | Reached skill level 5 in Invocations
 11064 | Lair:4   | Glimpsed the power of Zot.
 11084 | Lair:5   | Entered Level 5 of the Lair of Beasts
 11329 | Lair:5   | Mangled by a cane toad

Illustrated notes

Levels and vault maps discovered:
D:1:      roderic_octagonal_star, layout_basic, shapermc_ecumenical_altar_venn
D:2:      layout_basic, corexii_leaking_fountain, minmay_misc_feat_doors,
          kennysheep_generic_room_12
D:3:      layout_loops_corners, ashenzari_conservatory_becter,
          nicolae_overflow_hidden_temple, nemelex_xobeh_ov_fountains_minmay
D:4:      layout_rooms, dk_yredelemnul_ordeal, mainiacjoe_overflow_cross_hatched
D:5:      layout_basic, nzn_wu_jian_council_hall
D:6:      layout_cave_pools, grunt_temple_overflow_order_and_chaos_2,
          minmay_temple_entry_stoned_glass,
          nicolae_ossuary_entry_false_entrances, gup_sewer_entry_pipe,
          st_stairs_10
D:7:      layout_rooms, mainiacjoe_overflow_surrounded_room,
          overflow_temple_1_default, hangedman_glass_teeth
D:8:      gammafunk_corrupted_shrine, layout_basic, minmay_lair_entry_grove,
          nicolae_shop_vocational, uniq_maggie
D:9:      layout_basic, lemuel_tele_altar, tgw_kikubaaqudgha,
          nicolae_concentric_dashed_squares_mild
D:10:     minmay_spotlight, layout_rooms, mainiacjoe_overflow_boulevard,
          kennysheep_mini_moat, nicolae_zen_rock_garden
D:11:     layout_loops_ring, nicolae_looking_at_the_future
D:12:     layout_roguey, orc_0_dummy, hangedman_incinerator
D:13:     layout_cave_pools, the_hattery
D:14:     layout_loops_ring, erik_vaults_2, enter_trove_2, grunt_ministairs_6,
          nicolae_underground_beach
Temple:   hellmonk_temple_micro_hex
Lair:1:   layout_layer_cave, serial_bayou_shore_b, lemuel_fruit_fields
Lair:2:   layout_chaotic_city, basic_altar
Lair:3:   layout_roguey, minmay_shoals_entry_hut, spider_nest_entry_webs
Lair:4:   layout_regular_city, eino_house_with_fridge
Lair:5:   evilmike_catoblepas_cave, layout_long_grid, dpeg_slime_entry_corner,
          lemuel_fruit_tree, infiniplex_staircase_pool

Skill      XL: |  1  2  3  4  5  6  7  8  9 10 11 12 13 14 |
---------------+-------------------------------------------+-----
Spellcasting   | 3 4 5 6 |  6.0
Unarmed Combat | 4 5 6 9 12 15 17 18 | 18.0
Transmutations | 3 4 5 6 |  6.0
Poison Magic   | 1 2 3 |  3.2
Ice Magic      | 2 |  2.6
Dodging        | 3 5 10 14 16 | 16.0
Fighting       | 2 3 6 8 11 | 11.5
Invocations    | 9 |  9.4

Action                   |  1- 3 |  4- 6 |  7- 9 | 10-12 | 13-15 || total
-------------------------+-------+-------+-------+-------+-------++-------
Melee: Unarmed           |    72 |    83 |   306 |   311 |   326 ||  1098
       Headbutt          |     8 |     9 |    17 |       |       ||    34
       Kick              |    16 |    12 |    43 |       |       ||    71
       Punch             |       |     1 |     8 |     2 |     5 ||    16
 Cast: Beastly Appendage |    23 |    16 |    12 |       |       ||    51
       Spider Form       |       |     3 |     9 |     7 |     7 ||    26
       Wereblood         |       |     2 |    12 |    14 |    10 ||    38
       Ice Form          |       |       |    12 |    33 |    32 ||    77
Invok: Shadow Form       |       |       |       |       |     1 ||     1
 Abil: End Transformatio |       |       |       |     1 |       ||     1
Evoke: Wand              |       |       |       |     2 |     1 ||     3
  Use: Scroll            |     3 |       |     7 |    19 |    11 ||    40
       Potion            |       |       |       |     2 |     4 ||     6
 Stab: Invisible         |       |       |       |       |    12 ||    12
Armor: Robe              |    27 |    11 |    31 |       |       ||    69
       Skin              |       |     3 |    61 |    80 |    52 ||   196
       Steam dragon scal |       |       |       |     5 |    16 ||    21
Dodge: Dodged            |    48 |    29 |   155 |   228 |   302 ||   762

Table legend: (Time is in decaauts)
 A = Elapsed time spent in this place.
 B = Non-inter-level travel time spent in this place.
 C = Inter-level travel time spent in this place.
 D = Time resting spent in this place.
 E = Time spent auto-exploring this place.
 F = Levels seen in this place.
 G = Mean time per level.
                   A        B        C        D        E       F      G
               +--------+--------+--------+--------+--------+-----+--------+
         Total |  11081 |  10426 |    655 |    146 |   6843 |  22 |  503.7 |
       Dungeon |   8056 |   7480 |    576 |    121 |   4975 |  14 |  575.4 |
        Temple |     10 |      6 |      4 |      0 |      0 |   1 |   10.0 |
          Lair |   2542 |   2467 |     75 |     17 |   1843 |   5 |  508.4 |
         Sewer |    198 |    198 |      0 |      0 |      0 |   1 |  198.0 |
       Ossuary |    273 |    273 |      0 |      8 |     24 |   1 |  273.0 |
               +--------+--------+--------+--------+--------+-----+--------+

Top non-repeatable levels by time:
     D:8: 985 daAuts
     D:5: 719 daAuts
    D:13: 666 daAuts
    D:10: 664 daAuts
  Lair:3: 636 daAuts
     D:3: 609 daAuts
    D:12: 596 daAuts
     D:1: 594 daAuts
  Lair:2: 581 daAuts
    D:11: 580 daAuts
  Lair:4: 557 daAuts
     D:4: 545 daAuts
  Lair:1: 544 daAuts
     D:6: 541 daAuts
     D:2: 530 daAuts
